 Dungeon Crawl Stone Soup version 0.20.0-8-g6b59dc7 (webtiles) character file.

971 grindst0ne the Covert (level 8, -11/50 HPs)
             Began as an Octopode Assassin on June 2, 2017.
             Mangled by Prince Ribbit (17 damage)
             ... on level 6 of the Dungeon.
             The game lasted 00:11:45 (5312 turns).

grindst0ne the Covert (Octopode Assassin)           Turns: 5312, Time: 00:11:46

Health: -11/50     AC:  1    Str: 10    XL:     8   Next: 16%
Magic:  8/8        EV: 18    Int: 14    God:
Gold:   247        SH:  0    Dex: 20    Spells: 7/7 levels left

rFire    . . .     SeeInvis .   m - +2 hand axe (elec)
rCold    . . .     Gourm    .   (no shield)
rNeg     + . .     Faith    .   (helmet restricted)
rPois    .         Spirit   .   (no amulet)
rElec    .         Reflect  .   o - ring of positive energy
rCorr    +         Harm     .   r - ring of resist corrosion
MR       .....                  (no ring)
Stlth    ++++++++..             (no ring)
Regen    0.2/turn               (no ring)
MPRegen  0.2/turn               (no ring)
                                (no ring)
                                (no ring)

@: agile
A: almost no armour, stealthy swim, amphibious, 8 rings, constrict 8, camouflage
1, gelatinous body 1
a: no special abilities


You were on level 6 of the Dungeon.
You were not hungry.

You visited 1 branch of the dungeon, and saw 6 of its levels.

You collected 247 gold pieces.

Inventory:

Hand Weapons
 b - a +0 blowgun
 k - a +3 dagger
 m - a +2 hand axe of electrocution (weapon)
Missiles
 c - 8 poisoned needles
 d - 8 curare-tipped needles
Jewellery
 o - a ring of positive energy (left tentacle)
 r - a ring of resist corrosion (right tentacle)
Scrolls
 u - a scroll of fog {unknown}
 v - a scroll of recharging {unknown}
Potions
 e - 2 potions of berserk rage
 g - a potion of cancellation
 j - a potion of agility
 n - a potion of might {unknown}
 q - a potion of mutation {unknown}
Books
 l - a book of Enchantments

   Spells                             Type                      Level
   a - Cause Fear                     Hexes                        4
   b - Yara's Violent Unravelling     Hexes/Transmutation          5
   c - Silence                        Hexes/Air                    5
   d - Deflect Missiles               Charms/Air                   6
   e - Discord                        Hexes                        8
Comestibles
 f - a bread ration
 h - 3 meat rations
 p - a royal jelly
 t - 4 fruits


   Skills:
 - Level 2.0 Fighting
 - Level 2.0 Short Blades
 - Level 2.0 Throwing
 - Level 1.0 Dodging
 + Level 13.4 Stealth


You had 7 spell levels left.
You didn't know any spells.

Dungeon Overview and Level Annotations

Branches:
Dungeon (6/15)
 Temple: D:4-7

Altars:
Ashenzari

Annotations:
D:6 Prince Ribbit


Innate Abilities, Weirdness & Mutations

You cannot wear most types of armour.
You are very stealthy in the water. (Stealth+)
You are amphibious.
You can wear up to eight rings at the same time.
You can use your tentacles to constrict eight enemies at once.
Your skin changes colour to match your surroundings (Stealth+).
Your rubbery body absorbs attacks. (AC +1, EV +1)


Message History

You grab the worker ant zombie. You constrict the worker ant zombie.
The worker ant zombie closely misses you. x2
You hit the worker ant zombie.
Lightning courses through the worker ant zombie!
The worker ant zombie is almost destroyed.
You constrict the worker ant zombie.
Prince Ribbit blinks!
The worker ant zombie closely misses you.
You hit the worker ant zombie but do no damage.
You squeeze the worker ant zombie.
You destroy the worker ant zombie!
Prince Ribbit blinks!
You barely miss Prince Ribbit. Your grab misses Prince Ribbit.
Prince Ribbit is severely wounded.
Prince Ribbit hits you! Prince Ribbit hits you.
You completely miss Prince Ribbit. Your grab misses Prince Ribbit.
Prince Ribbit is heavily wounded.
Prince Ribbit hits you!!
* * * LOW HITPOINT WARNING * * *
Prince Ribbit hits you!
You die...

#### #.. ##
#.##### ...
#.#...##.##
#@#........
##F#........
#.<...a.....
#...........
#.....?.....
#.............
####.#....Z...
#.#...##.##
#.##.## #


You could see Prince Ribbit.

Vanquished Creatures
  The ghost of grindst0ne the Sneak, an amateur OpAs (D:4)
  An ice beast (D:5)
  A scorpion (D:5)
  A howler monkey (D:5)
  A crimson imp (D:5)
  A bullfrog zombie (D:5)
  A jelly (D:5)
  4 hounds
  An orc priest (D:4)
  2 bullfrog skeletons (D:4)
  3 orc wizards
  An iguana (D:5)
  A worker ant (D:6)
  A hound skeleton (D:5)
  A worker ant zombie (D:6)
  3 gnolls (D:5)
  5 adders
  An ooze (D:1)
  An adder skeleton (D:5)
  An adder zombie (D:5)
  3 worms
  3 dart slugs
  2 leopard geckos
  17 orcs
  3 ball pythons
  5 bats
  5 giant cockroaches
  5 hobgoblins
  7 jackals
  4 quokkas
  8 frilled lizards
  10 goblins
  6 kobolds
  8 rats
118 creatures vanquished.

Notes
Turn   | Place    | Note
-------+----------+-------------------------------------------
     0 | D:1      | grindst0ne the Octopode Assassin began the quest for the Orb.
     0 | D:1      | Reached XP level 1. HP: 14/14 MP: 1/1
   247 | D:1      | Reached XP level 2. HP: 19/19 MP: 2/2
   270 | D:1      | Reached skill level 6 in Stealth
   477 | D:1      | Reached XP level 3. HP: 24/24 MP: 3/3
   741 | D:2      | Reached skill level 7 in Stealth
  1353 | D:2      | Reached XP level 4. HP: 28/29 MP: 4/4
  1650 | D:3      | Reached skill level 8 in Stealth
  2034 | D:3      | Reached XP level 5. HP: 17/34 MP: 5/5
  2442 | D:3      | Reached skill level 9 in Stealth
  2806 | D:4      | Noticed grindst0ne's ghost (amateur OpAs)
  2838 | D:4      | Killed grindst0ne's ghost
  2838 | D:4      | Reached skill level 10 in Stealth
  2838 | D:4      | Reached XP level 6. HP: 24/39 MP: 6/6
  3205 | D:4      | Reached skill level 11 in Stealth
  3206 | D:4      | Reached XP level 7. HP: 4/45 MP: 7/7
  3206 | D:4      | HP: 1/67 [orc/hand axe of electrocution (3)]
  4174 | D:5      | Entered Level 5 of the Dungeon
  4255 | D:5      | Reached skill level 12 in Stealth
  4681 | D:5      | Found a shattered altar of Ashenzari.
  4990 | D:5      | Reached skill level 13 in Stealth
  4990 | D:5      | Reached XP level 8. HP: 48/50 MP: 8/8
  5295 | D:6      | Noticed Prince Ribbit
  5312 | D:6      | Mangled by Prince Ribbit

Skill      XL: |  1  2  3  4  5  6  7 |
---------------+----------------------+-----
Stealth        | 6 7 8 10 11 13 | 13.4
Fighting       | |  2.0
Short Blades   | |  2.0
Throwing       | |  2.0
Dodging        | |  1.0

Action                   |  1- 3 |  4- 6 |  7- 9 || total
-------------------------+-------+-------+-------++-------
Melee: Dagger            |    72 |    95 |     1 ||   168
       Tentacles         |    13 |    23 |    14 ||    50
       Constrict         |    16 |    21 |    18 ||    55
       Hand axe          |       |       |    72 ||    72
  Use: Scroll            |       |     8 |     2 ||    10
       Potion            |       |     4 |     3 ||     7
 Stab: Sleeping          |     8 |    12 |    13 ||    33
  Eat: Chunk             |     1 |     5 |     3 ||     9
       Bread ration      |       |       |     1 ||     1
Armor: Skin              |     9 |     4 |     6 ||    19
Dodge: Dodged            |    53 |    42 |    47 ||   142
